cohdb
Replays
Latest Replays
All Replays
Popular Replays
Top Player Replays
Match Explorer
How It Works
Community
CoH3 Stats
Reddit
Sign in to upload your games and track your stats! →
Sign in with Steam
Match 43774029
Unlisted
Match 43774029
Overview
Messages
Build Orders
End
Kettenkrad Recon Vehicle
Construct Infanterie Kompanie
Grenadier Squad
Selects Italian Coastal Battlegroup
Selects Coastal Reserves
Coastal Reserve
Construct Luftwaffe Kompanie
MG 42 Bunker
Selects Artillery Officer
Artillery Officer
Support Elements
Marder III M Tank Destroyer
MG 42 Bunker
Coastal Reserve
Selects Support Bunkers
Medical Bunker
Artillery Officer
Selects Designated Artillery Overwatch
GrW 34 Mortar Team
Construct Panzer Kompanie
MG 42 Bunker
Selects Bulwark
Designated Artillery Overwatch
Panzer IV Medium Tank
Wirbelwind Flakpanzer
Repair Bunker
Panzer IV Medium Tank
Coastal Reserve
Selects Obice da 210/22 Artillery Emplacement
Magnum
[NiP] SimplyBest
shelemin88
Retzbocher Klaus
Lilfuture
jota barba 7
0
0
Comments
sign in to comment!
No comments posted yet!